 Dungeon Crawl Stone Soup version 0.29.1-15-g9cfb28693d (webtiles) character file.

Game seed: 10868992248885852859

198 Cheops the Spear-Bearer (level 5, -9/38 HPs)
             Began as a Merfolk Gladiator on Mar 20, 2023.
             Mangled by an orc warrior
             ... wielding a +0 battleaxe
              (15 damage)
             ... on level 4 of the Dungeon.
             The game lasted 00:06:14 (4410 turns).

Cheops the Spear-Bearer (Merfolk Gladiator)         Turns: 4410, Time: 00:06:15

Health: -9/38      AC:  6    Str: 17    XL:     5   Next: 77%
Magic:  5/5        EV: 13    Int:  9    God:
Gold:   215        SH:  0    Dex: 15    Spells: 4/4 levels left

rFire   + . .      SeeInvis +   a - +0 trident
rCold   x . .      Faith    .   (no shield)
rNeg    . . .      Spirit   .   b - +1 leather armour
rPois   .          Reflect  .   c - +0 helmet
rElec   .          Harm     .   (no cloak)
rCorr   .          Rampage  .   (no gloves)
Will    .....                   s - +0 pair of boots
Stlth   ++........              (no amulet)
HPRegen 0.12/turn               w - ring of Ehumpija {Fire Int+2 SInv Stlth+}
MPRegen 0.09/turn               (no ring)

@: flying
A: (nimble swimmer 2), mertail
a: no special abilities


You were on level 4 of the Dungeon.
You visited 1 branch of the dungeon, and saw 4 of its levels.

You collected 215 gold pieces.

Inventory:

Hand Weapons
 a - a +0 trident (weapon)
Missiles
 d - 4 throwing nets (quivered)
 e - a javelin
Armour
 b - a +1 leather armour (worn)
 c - a +0 helmet (worn)
 s - a +0 pair of boots (worn)
Magical Staves
 r - a staff of fire
Jewellery
 w - the ring of Ehumpija (left hand) {Fire Int+2 SInv Stlth+}
   (You found it on level 3 of the Dungeon)

   [ring of fire]

   It enhances your fire magic.
   Int:       It affects your intelligence (+2).
   rF:        It protects you from fire.
   rC:        It makes you vulnerable to cold.
   SInv:      It lets you see invisible.
   Stlth:     It makes you more stealthy.
 y - a ring of magical power
Wands
 m - a wand of iceblast (15)
 o - a wand of paralysis (13)
Scrolls
 g - 7 scrolls of teleportation {unknown}
 h - a scroll of identify
 i - a scroll of poison
 n - a scroll of torment {unknown}
 p - a scroll of fog {unknown}
 u - a scroll of enchant weapon {unknown}
Potions
 f - 3 potions of mutation {unknown}
 l - 5 potions of curing {unknown}


   Skills:
 - Level 2.1 Fighting
 + Level 8.3 Polearms
 - Level 2.0 Throwing
 - Level 4.0 Dodging


You had 4 spell levels left.
You didn't know any spells.
Your spell library contained the following spells:

 Spells                   Type           Power      Damage    Failure   Level
 Slow                     Hex            0%         N/A       45%         1
 Confusing Touch          Hex            0%         N/A       83%         3
 Vampiric Draining        Necr           0%         2d6       83%         3


Dungeon Overview and Level Annotations

Branches:
Dungeon (4/15)
 Temple: D:4-7

Altars:
Elyvilon
Uskayaw
Vehumet

Shops:
D:4 (

Annotations:
D:1 dig
D:3 3 runed translucent doors, dig, javelincjr's ghost, amateur DjCj


Innate Abilities, Weirdness & Mutations

((You are very nimble when in or above water. (Stealth+, EV+, Speed+++)))
Your lower body shifts to a powerful aquatic tail in water.


Message History

The bullfrog croaks.
You hit the orc warrior but do no damage.
The orc warrior is lightly wounded.
You hear an angry hiss.
You hit the orc warrior. Your punch misses the orc warrior.
The orc warrior is moderately wounded.
The orc warrior barely misses you.
It was a potion of cancellation.
Your magical effects are unravelling.
You feel magically purged.
You feel less invigorated.
You feel yourself slow down.
You feel less confused.
You feel a little less clever now.
It was a potion of flight.
You feel very buoyant.
You fly up into the air.
The orc warrior hits you with a +0 battleaxe!
* * * LOW HITPOINT WARNING * * *
It was a potion of heal wounds.
You feel much better. The bullfrog barely misses you.
The orc warrior hits you with a +0 battleaxe!
The bullfrog hits you.
* * * LOW HITPOINT WARNING * * *
As you read the scroll labelled APEKAO HYHEALO, it crumbles to dust.
It is a scroll of identify.
i - a scroll of poison The orc warrior hits you with a +0 battleaxe!
* * * LOW HITPOINT WARNING * * *
The bullfrog hits you.
* * * LOW HITPOINT WARNING * * *
As you read the scroll labelled HOISUC UWUHENN, it crumbles to dust.
It is a scroll of enchant armour.
Your +0 leather armour glows green for a moment.
The bullfrog hits you.
* * * LOW HITPOINT WARNING * * *
The orc warrior barely misses you. The bullfrog closely misses you.
As you read the scroll labelled QIMANN TIOVEADO, it crumbles to dust.
The creatures around you are filled with an inner flame!
It was a scroll of immolation.
The orc warrior hits you with a +0 battleaxe!
You die...

# .# # .# .## .#..#
.. #.#.# .. :#.##
.. #...## .
#.o..### ..
##@#.#.#### ..
#.#F#.#....## ##
#.)........## #
#....#..####....# #
.........#........#
.
......#..........##
. ....##....##...##
.. .#..###...#..###
........#
#..##........#


You could see an orc warrior (inner flame) and a bullfrog (inner flame).

Vanquished Creatures
  Terence (D:3)
  3 gnolls (D:4)
  4 adders
  2 ufetubi (D:4)
  A worm (D:3)
  3 dart slugs
  2 orcs (D:4)
  10 ball pythons
  4 endoplasms
  4 giant cockroaches
  6 goblins
  11 hobgoblins
  6 jackals
  4 quokkas
  5 bats
  4 frilled lizards
  5 kobolds
  9 rats
84 creatures vanquished.

Notes
Turn   | Place    | Note
-------+----------+-------------------------------------------
     0 | D:1      | Cheops the Merfolk Gladiator began the quest for the Orb.
     0 | D:1      | Reached XP level 1. HP: 16/16 MP: 1/1
   120 | D:1      | Reached XP level 2. HP: 22/22 MP: 2/2
   359 | D:1      | Reached skill level 5 in Polearms
   416 | D:1      | Found a faded altar of an unknown god.
   927 | D:2      | Reached XP level 3. HP: 27/27 MP: 3/3
  1531 | D:2      | Reached skill level 6 in Polearms
  2589 | D:3      | Found a white marble altar of Elyvilon.
  2755 | D:3      | Reached XP level 4. HP: 33/33 MP: 4/4
  2782 | D:3      | Found a radiant altar of Vehumet.
  2933 | D:3      | Identified the ring of Ehumpija {Fire Int+2 SInv Stlth+}
  2951 | D:3      | Found a runed translucent gate.
  2951 | D:3      | Found a runed translucent gate.
  2951 | D:3      | Found a runed translucent gate.
  2951 | D:3      | Noticed javelincjr's ghost (amateur DjCj)
  2974 | D:3      | Noticed Terence
  2980 | D:3      | Killed Terence
  2981 | D:3      | Reached skill level 7 in Polearms
  3480 | D:4      | Found a hide-covered altar of Uskayaw.
  3598 | D:4      | Reached XP level 5. HP: 35/38 MP: 5/5
  4120 | D:4      | Reached skill level 8 in Polearms
  4212 | D:4      | Found Vun Moro's Weapon Shoppe.
  4390 | D:4      | Noticed an orc warrior
  4410 | D:4      | Mangled by an orc warrior

Illustrated notes

Levels and vault maps discovered:
D:1:      lemuel_arrival_muddy, layout_basic,
          dilly_ecumenical_altar_fadedgnrine, minmay_surrounded
D:2:      layout_basic, grunt_ministairs_6
D:3:      layout_loops_corners, mainiacjoe_overflow_catwalk, vehumet_crystals,
          serial_glass, glass_columns_b, glass_columns_a, glass_columns_a,
          glass_columns_b, glass_columns_a, glass_columns_a,
          due_unseen_surprise, feat_on_display, item_on_display_a,
          biasface_ghost_orc_armoury, uniq_terence
D:4:      layout_cave_pools, amcnicky_altar_gilded, serial_shops, shop,
          minmay_manual_mess

Skill      XL: |  1  2  3  4  5 |
---------------+----------------+-----
Polearms       | 5 6 7 8 |  8.3
Fighting       | |  2.1
Throwing       | |  2.0
Dodging        | |  4.0

Action                   |  1- 3 |  4- 6 || total
-------------------------+-------+-------++-------
Melee: Trident           |   144 |   126 ||   270
  Use: Potion            |       |     6 ||     6
       Scroll            |       |     3 ||     3
 Stab: Sleeping          |     2 |     5 ||     7
Armor: Leather armour    |    22 |    31 ||    53
Dodge: Dodged            |    74 |    68 ||   142
